 Dungeon Crawl Stone Soup version 0.31-a0-876-gfe8ebadbca (webtiles) character file.

Game seed: 5651512699244071437

28 Azuregosa the Sneak (level 3, -1/26 HPs)
             Began as an Octopode Delver on Oct 13, 2023.
             Killed by nerve-wracking pain
             ... invoked by Grinder
              (12 damage)
             ... on level 3 of the Dungeon.
             The game lasted 00:01:41 (190 turns).

Azuregosa the Sneak (Octopode Delver)                Turns: 190, Time: 00:01:42

Health: -1/26      AC:  1    Str: 11    XL:     3   Next: 12%
Magic:  3/3        EV: 13    Int: 14    God:
Gold:   22         SH:  0    Dex: 13    Spells: 2/2 levels left

rFire   . . .        a - +0 falchion
rCold   . . .        (no shield)
rNeg    . . .        (helmet restricted)
rPois   .            (no amulet)
rElec   .            (no ring)
rCorr   .            (no ring)
SInv    .            (no ring)
Will    .....        (no ring)
Stlth   ++++         (no ring)
HPRegen 0.24/turn    (no ring)
MPRegen 0.08/turn    (no ring)
                     (no ring)

%: no passive effects
@: no status effects
A: almost no armour, amphibious, 8 rings, camouflage 1, gelatinous body 1,
(nimble swimmer 1), tentacles
a: no special abilities


You were on level 3 of the Dungeon.
You visited 1 branch of the dungeon, and saw 4 of its levels.

You collected 22 gold pieces.

Inventory:

Hand Weapons
 a - a +0 falchion (weapon)
Wands
 f - a wand of digging (3)
Scrolls
 b - a scroll of fog
 c - a scroll of vulnerability {unknown}
Potions
 e - a potion of haste


   Skills:
 + Level 3.3 Fighting
 + Level 2.4 Long Blades
 + Level 2.4 Dodging
 + Level 6.9 Stealth


You had 2 spell levels left.
You didn't know any spells.
Your spell library was empty.

Dungeon Overview and Level Annotations

Branches:
Dungeon (5/15)
 Temple: D:4-7

Altars:
Fedhas

Annotations:
D:2 Robin
D:3 Grinder, Jessica, Pargi


Innate Abilities, Weirdness & Mutations

You cannot wear most types of armour.
You are amphibious.
You can wear up to eight rings at the same time.
Your skin changes colour to match your surroundings (Stealth+).
Your rubbery body absorbs attacks. (AC +1, EV +1)
((You are camouflaged when in or above water. (Stealth+)))
You have tentacles for arms and can constrict up to eight enemies at once.


Message History

The adder hisses angrily.
The ball python misses you. The ball python completely misses you.
The ball python attacks as it pursues you!
The ball python misses you. x2
The ball python attacks as it pursues you!
The ball python bites you. The ball python grabs you.
The ball python constricts you. The adder completely misses you.
The ball python completely misses you. The ball python constricts you.
The adder bites you.
You are poisoned.
The adder poisons you!
As you read the scroll of fear, it crumbles to dust.
You assume a fearsome visage.
The goblin looks frightened! x5
The hobgoblin looks frightened!
The ball python looks frightened!
The adder looks frightened!
You feel sick. The ball python loses its grip on you.
You feel sick.
You feel sick.
You feel sick.
You feel sick.
You feel sick.
You feel sick.
You are no longer poisoned.
There is a stone staircase leading down here.
You climb downwards.
Found 8 stones.
There is a stone staircase leading up here.
Jessica and Pargi come into view.
Found a fuming golden potion.
Grinder shouts!
Grinder gestures at you.
You suddenly lose the ability to move!
Grinder gestures at you. Pain shoots through your body!
You can move again.
A ball python and a goblin come into view.
Grinder gestures at you. Pain shoots through your body!
You die...
Grinder says, "Now the real fun starts!"

##... ..S.#
...#....# .g..#
...#....# ....#
#......(# ....#
#.......# ....#
+.......+ ...
#.......####.#
#....#.5...@.#.
+......<.......#
#............###
.........#...#
..###.....@..# .
###........
......T.##
........!+
........


You could see Grinder, Pargi (asleep), Jessica (asleep), a goblin (wandering)
and a ball python (asleep).

Vanquished Creatures
  Natasha (D:4)
  A ball python (D:4)
  A hobgoblin (D:4)
3 creatures vanquished.

Notes
Turn   | Place    | Note
-------+----------+-------------------------------------------
     0 | D:5      | Azuregosa the Octopode Delver began the quest for the Orb.
     0 | D:5      | Reached XP level 1. HP: 16/16 MP: 1/1
     4 | D:5      | Found a blossoming altar of Fedhas.
     5 | D:5      | Noticed a centaur
    11 | D:5      | Noticed a black bear
    21 | D:4      | Noticed Natasha
    32 | D:4      | Killed Natasha
    33 | D:4      | Reached XP level 2. HP: 6/21 MP: 2/2
    33 | D:4      | Reached XP level 3. HP: 8/26 MP: 3/3
   161 | D:2      | Found a faded altar of an unknown god.
   167 | D:2      | Noticed Robin
   182 | D:3      | Noticed Grinder
   183 | D:3      | Noticed Jessica
   183 | D:3      | Noticed Pargi
   185 | D:3      | Paralysed by Grinder for 5 turns
   190 | D:3      | Killed from afar by Grinder

Illustrated notes

Levels and vault maps discovered:
D:2:      layout_rooms, nicolae_ecumenical_lake_church, uniq_robin
D:3:      minmay_spotlight, layout_basic, serial_shops, shop, uniq_jessica,
          uniq_grinder, uniq_pargi
D:4:      layout_loops_ring, kennysheep_mini_moat, lemuel_round_altar,
          nicolae_vehumet_altar_sigil, serial_bayou, serial_bayou_crossing,
          serial_bayou_shore_b, serial_bayou_pond_e, serial_bayou_pond_c,
          uniq_natasha
D:5:      layout_rooms, lightli_temple_of_fire, elyvilon_altar_3,
          fedhas_bush_and_centaur_altar, gammafunk_temple_overflow_elements,
          gup_sewer_entry_bowl, guppyfry_shop_venom

Action                     || total
---------------------------++-------
  Melee: Falchion          ||     8
         Constrict         ||     2
         Tentacles         ||     2
    Use: Scroll            ||     2
   Stab: Sleeping          ||     2
 Armour: Skin              ||     7
  Dodge: Dodged            ||    11

Table legend: (Time is in decaauts)
 A = Elapsed time spent in this place.
 B = Non-inter-level travel time spent in this place.
 C = Inter-level travel time spent in this place.
 D = Time resting spent in this place.
 E = Time spent auto-exploring this place.
 F = Levels seen in this place.
 G = Mean time per level.
                   A        B        C        D        E       F      G
               +--------+--------+--------+--------+--------+-----+--------+
         Total |    204 |    204 |      0 |     48 |     38 |   4 |   51.0 |
       Dungeon |    204 |    204 |      0 |     48 |     38 |   4 |   51.0 |
               +--------+--------+--------+--------+--------+-----+--------+

Top non-repeatable levels by time:
     D:4: 117 daAuts
     D:3: 52 daAuts
     D:2: 22 daAuts
     D:5: 12 daAuts
